 Dungeon Crawl Stone Soup version 0.27-a0-1557-g57f10a385c (webtiles) character file.

Game seed: 16951499517097727622

111 zazu2006 the Magician (level 4, -12/36 HPs)
             Began as a Naga Hedge Wizard on July 15, 2021.
             Mangled by an ogre (22 damage)
             ... on level 4 of the Dungeon.
             The game lasted 00:05:20 (3512 turns).

zazu2006 the Magician (Naga Hedge Wizard)           Turns: 3512, Time: 00:05:21

Health: -12/36     AC:  2    Str: 12    XL:     4   Next: 92%
Magic:  10/10      EV:  9    Int: 15    God:
Gold:   144        SH:  0    Dex: 11    Spells: 2/11 levels left

rFire    . . .     SeeInvis +   a - +0 dagger
rCold    . . .     Faith    .   (no shield)
rNeg     . . .     Spirit   .   l - +0 leather armour
rPois    +         Reflect  .   c - +0 hat
rElec    .         Harm     .   (no cloak)
rCorr    .         Rampage  .   (no gloves)
Will     .....                  (no barding)
Stlth    ++........             (no amulet)
HPRegen  0.12/turn              (no ring)
MPRegen  0.12/turn              (no ring)

@: very slow
A: AC +1, large, see invisible, deformed body, poison resistance, slowness 2,
spit poison 1, naga tail 1
a: Spit Poison


You were on level 4 of the Dungeon.
You visited 1 branch of the dungeon, and saw 4 of its levels.

You collected 144 gold pieces.

Inventory:

Hand Weapons
 a - a +0 dagger (weapon)
Armour
 b - a +0 robe
 c - a +0 hat (worn)
 l - a +0 leather armour (worn)
Jewellery
 d - a ring of see invisible
Scrolls
 e - a scroll of amnesia {unknown}
 f - 2 scrolls of identify {unknown}
 h - a scroll of fear {unknown}
 k - a scroll of blinking {unknown}
Potions
 g - 2 potions of lignification {unknown}
 i - a potion of flight {unknown}
 j - a potion of invisibility


   Skills:
 + Level 0.2 Fighting
 + Level 0.2 Short Blades
 + Level 1.8 Dodging
 + Level 3.5 Stealth
 + Level 4.4 Spellcasting
 + Level 2.1 Conjurations
 + Level 1.0 Summonings
 + Level 1.0 Translocations


You had 2 spell levels left.
You knew the following spells:

 Your Spells              Type           Power      Damage    Failure   Level
a - Magic Dart            Conj           36%        1d4       9%          1
b - Mephitic Cloud        Conj/Pois/Air  5%         N/A       45%         3
c - Conjure Flame         Conj/Fire      6%         6-21      38%         3
d - Blink                 Tloc           N/A        N/A       22%         2

Your spell library contained the following spells:

 Spells                   Type           Power      Damage    Failure   Level
 Foxfire                  Conj/Fire      24%        2x1d5     14%         1
 Summon Small Mammal      Summ           24%        N/A       14%         1
 Call Imp                 Summ           6%         N/A       22%         2
 Slow                     Hex            3%         N/A       32%         2
 Call Canine Familiar     Summ           6%         N/A       41%         3
 Summon Guardian Golem    Hex/Summ       4%         N/A       47%         3
 Confusing Touch          Hex            3%         N/A       54%         3
 Vampiric Draining        Necr           1%         2d6       54%         3


Dungeon Overview and Level Annotations

Branches:
Dungeon (4/15)
 Temple: D:4-7

Altars:


Innate Abilities, Weirdness & Mutations

Your serpentine skin is tough. (AC +1)
You have supernaturally acute eyesight. (SInv)
Armour fits poorly on your strangely shaped body.
Your system is resistant to poisons. (rPois)
You cover ground very slowly.
You can spit poison.
You have a snake-like lower body.


Message History

You see here a +0 dagger.
Done exploring.
Done exploring.
You start removing your armour.
You continue taking off your +0 robe. x4
You finish taking off your +0 robe.
You start putting on your armour.
You continue putting on your +0 leather armour. x5
You finish putting on your +0 leather armour.
(D) Dungeon
Where to? (Enter - D:3, ? - help)
What level of the Dungeon? (default 1, ? - help)
You see here a +0 pair of gloves.
You see here a +0 dagger.
You see here a +0 dagger.
Things that are here:
a +0 whip; 4 stones
There is a stone staircase leading down here.
You climb downwards.
There is a stone staircase leading up here.
Found 4 gold pieces.
You now have 144 gold pieces (gained 4).
A gnoll comes into view. It is wielding a +0 spear.
Casting: Magic Dart (safe; 9% risk of failure)
Confirm with . or Enter, or press ? or * to list all spells.
Aiming: Magic Dart (safe; 9% risk of failure)
Press: ? - help, Shift-Dir - straight line, f - gnoll
Aim: a gnoll, wielding a +0 spear (asleep, 100% to hit)
You miscast Magic Dart.
You are very lightly contaminated with residual magic.
Nothing appears to happen.
Your magical contamination has completely faded away.
An ogre comes into view. It is wielding a +0 giant club.
The ogre shouts!
The ogre hits you with a +0 giant club!!
Ouch! That really hurt!
* * * LOW HITPOINT WARNING * * *
The ogre barely misses you.
The ogre hits you with a +0 giant club!!
Ouch! That really hurt!
You die...

#.. .....# #.# #..
.....# #.## #..
##....# #..#
#..##......## #..#
#......##...###..#
#.....# #.......#
##....# #......#
###..####....O.#
#....#.<..^@.#
#.......###..#
#..#....## ##..#
#.####...## ##.#
#.# #....## ## #.#
#.##..## ...
...###..## ..
...## ##..## .....
##..###


You could see an ogre.

Vanquished Creatures
  A centaur skeleton (D:3)
  An adder (D:2)
  3 worms (D:2)
  A dart slug (D:2)
  6 orcs (D:3)
  A ball python (D:1)
  3 endoplasms
  2 giant cockroaches
  4 goblins
  5 hobgoblins
  7 jackals (D:3)
  6 kobolds
  A quokka (D:2)
  4 bats
  5 frilled lizards
  5 rats
55 creatures vanquished.

Notes
Turn   | Place    | Note
-------+----------+-------------------------------------------
     0 | D:1      | zazu2006 the Naga Hedge Wizard began the quest for the Orb.
     0 | D:1      | Reached XP level 1. HP: 15/15 MP: 4/4
   418 | D:1      | Found a faded altar of an unknown god.
   427 | D:1      | Got Plato's Almanac of Battle Magic
   565 | D:2      | Reached XP level 2. HP: 22/22 MP: 4/6
  1215 | D:2      | Reached XP level 3. HP: 28/28 MP: 1/8
  1223 | D:2      | Learned a level 3 spell: Mephitic Cloud
  1227 | D:2      | Learned a level 3 spell: Conjure Flame
  1230 | D:2      | Learned a level 2 spell: Blink
  1721 | D:2      | Reached skill level 4 in Spellcasting
  2467 | D:3      | Reached XP level 4. HP: 36/36 MP: 8/10
  3497 | D:4      | Noticed an ogre
  3512 | D:4      | Mangled by an ogre

Illustrated notes

Levels and vault maps discovered:
D:1:      wander_arrival_chamber, layout_basic,
          shapermc_ecumenical_altar_rom_forum, minmay_hedge_maze
D:2:      layout_basic
D:3:      layout_loops_ring
D:4:      minmay_octagon_keep, layout_layer_cave,
          eat_drink_and_be_merry_uskayaw, grunt_dithmenos_smoke_and_mirrors,
          gammafunk_temple_overflow_forgotten, uniq_natasha

Skill      XL: |  1  2  3  4 |
---------------+-------------+-----
Spellcasting   | 4 |  4.4
Conjurations   | 2 |  2.1
Fighting       | |  0.2
Short Blades   | |  0.2
Dodging        | |  1.8
Stealth        | |  3.5
Summonings     | |  1.0
Translocations | |  1.0

Action                   |  1- 3 |  4- 6 || total
-------------------------+-------+-------++-------
Melee: Dagger            |     4 |    10 ||    14
 Cast: Magic Dart        |    85 |    46 ||   131
 Abil: Spit Poison       |    13 |     8 ||    21
Armor: Robe              |     4 |     9 ||    13
Dodge: Dodged            |     6 |    17 ||    23

Table legend: (Time is in decaauts)
 A = Elapsed time spent in this place.
 B = Non-inter-level travel time spent in this place.
 C = Inter-level travel time spent in this place.
 D = Time resting spent in this place.
 E = Time spent auto-exploring this place.
 F = Levels seen in this place.
 G = Mean time per level.
                   A        B        C        D        E       F      G
               +--------+--------+--------+--------+--------+-----+--------+
         Total |   4291 |   4162 |    129 |     29 |   3700 |   4 | 1072.8 |
       Dungeon |   4291 |   4162 |    129 |     29 |   3700 |   4 | 1072.8 |
               +--------+--------+--------+--------+--------+-----+--------+

Top non-repeatable levels by time:
     D:2: 2015 daAuts
     D:3: 1574 daAuts
     D:1: 646 daAuts
     D:4: 56 daAuts
